 Dungeon Crawl Stone Soup version 0.27-a0-1299-g1ab19c6527 (webtiles) character file.

Game seed: 7497373734442891642

123 lessens the Poker (level 5, -8/61 HPs)
             Began as a Merfolk Berserker on June 16, 2021.
             Was a Believer of Trog.
             Killed from afar by a steam dragon (24 damage)
             ... with a ball of steam
             ... on level 3 of the Dungeon.
             The game lasted 00:03:42 (3081 turns).

lessens the Poker (Merfolk Berserker)               Turns: 3081, Time: 00:03:43

Health: -8/61      AC:  3    Str: 18    XL:     5   Next: 7%
Magic:  5/5        EV: 18    Int:  7    God:    Trog [**....]
Gold:   226        SH:  0    Dex: 19    Spells: 4/4 levels left

rFire    . . .     SeeInvis .   a - +0 spear
rCold    . . .     Faith    .   (no shield)
rNeg     . . .     Spirit   .   b - +0 animal skin
rPois    .         Reflect  .   j - +0 helmet
rElec    .         Harm     .   (no cloak)
rCorr    .         Rampage  .   (no gloves)
Will     .....                  (no boots)
Stlth    ..........             (no amulet)
HPRegen  0.20/turn              g - +6 ring of dexterity
MPRegen  0.09/turn              i - +4 ring of evasion

@: berserking (expiring), very quick
A: (nimble swimmer 2), mertail
a: Renounce Religion, Berserk, Trog's Hand


You were on level 3 of the Dungeon.
You worshipped Trog.
Trog was pleased with you.
You visited 1 branch of the dungeon, and saw 4 of its levels.

You collected 226 gold pieces.

Inventory:

Hand Weapons
 a - a +0 spear (weapon)
Missiles
 c - 33 stones
Armour
 b - a +0 animal skin (worn)
 j - a +0 helmet (worn)
Jewellery
 g - a +6 ring of dexterity (left hand)
 i - a +4 ring of evasion (right hand)
Wands
 d - a wand of flame (21)
Scrolls
 e - 2 scrolls of identify {unknown}
 f - a scroll of vulnerability {unknown}
 h - a scroll of holy word {unknown}
 m - a scroll of teleportation {unknown}
Potions
 k - a potion of cancellation {unknown}
 l - a potion of brilliance {unknown}
 n - 2 potions of might {unknown}
 o - a potion of curing {unknown}


   Skills:
 - Level 3.2 Fighting
 * Level 7.1 Polearms
 - Level 1.3 Armour
 + Level 4.3 Dodging


You had 4 spell levels left.
You didn't know any spells.
Your spell library was empty.

Dungeon Overview and Level Annotations

Branches:
Dungeon (4/15)
 Temple: D:4-7

Altars:
Cheibriados
Uskayaw
Xom

Shops:
D:4 (


Innate Abilities, Weirdness & Mutations

((You are quick and stealthy near water. (Stealth+, EV+, Speed+++)))
Your lower body shifts to a powerful aquatic tail in water.


Message History

No target in view!
The butterfly is engulfed in a cloud of scalding steam.
The butterfly dies!
The butterfly is engulfed in a cloud of scalding steam.
The butterfly dies!
A red film seems to cover your vision as you go berserk!
You feel yourself moving faster!
You feel mighty! The steam dragon breathes steam at you.
The ball of steam misses you.
You puncture the steam dragon!
The steam dragon is moderately wounded.
You are engulfed in a cloud of scalding steam.
The steam dragon breathes steam at you. The ball of steam hits you!!
You are too injured to fight recklessly!
You are too injured to fight recklessly!
You barely miss the steam dragon.
The steam dragon is moderately wounded.
The steam dragon misses you. The steam dragon closely misses you.
You closely miss the steam dragon.
The steam dragon is moderately wounded.
You puncture the steam dragon!
The steam dragon is almost dead.
The steam dragon bites you.
* * * LOW HITPOINT WARNING * * *
The steam dragon closely misses you.
You hit the steam dragon.
The steam dragon is almost dead.
You closely miss the steam dragon.
The steam dragon is almost dead.
The steam dragon bites you.
* * * LOW HITPOINT WARNING * * *
The steam dragon closely misses you.
You closely miss the steam dragon.
The steam dragon is almost dead.
You hit the steam dragon.
The steam dragon is almost dead.
The steam dragon breathes steam at you. The ball of steam hits you!!
You die...

#.....###.....
#.# #.#####
#..... #.# #.#
...# #<# #.# #.#
#.# #.######
#......#########
#####..........#
#..<._..D@##
#.##....#ยง# #
#.##D#.#
#..w.#..
#.##....#
#w##.....
.......### ##
#####


You could see a steam dragon (catching breath).

Vanquished Creatures
  Robin (D:2)
  A gnoll (D:1)
  An adder (D:2)
  2 worms (D:2)
  4 dart slugs
  An orc (D:2)
  6 bats
  An endoplasm (D:1)
  4 giant cockroaches (D:1)
  7 goblins
  9 hobgoblins
  7 jackals
  6 quokkas
  7 ball pythons
  3 frilled lizards
  5 kobolds
  3 rats
68 creatures vanquished.

Vanquished Creatures (others)
  A dart slug (D:3)
  2 butterflies (D:3)
3 creatures vanquished.

Grand Total: 71 creatures vanquished

Notes
Turn   | Place    | Note
-------+----------+-------------------------------------------
     0 | D:1      | lessens the Merfolk Berserker began the quest for the Orb.
     0 | D:1      | Reached XP level 1. HP: 18/18 MP: 1/1
   115 | D:1      | Reached XP level 2. HP: 19/24 MP: 2/2
   176 | D:1      | Reached skill level 5 in Polearms
   458 | D:1      | Found a faded altar of an unknown god.
   625 | D:1      | Reached XP level 3. HP: 29/29 MP: 3/3
  1099 | D:1      | Reached skill level 6 in Polearms
  1456 | D:2      | Reached ** piety under Trog
  1506 | D:2      | Reached XP level 4. HP: 35/35 MP: 4/4
  1675 | D:2      | Noticed Robin
  1688 | D:2      | Killed Robin
  2213 | D:2      | You fall into a shaft and drop 2 floors!
  2215 | D:4      | Found Ucvukk's Weapon Emporium.
  2238 | D:3      | Found a hide-covered altar of Uskayaw.
  2491 | D:2      | Reached skill level 7 in Polearms
  2580 | D:2      | Reached XP level 5. HP: 41/41 MP: 5/5
  2992 | D:3      | Found a snail-covered altar of Cheibriados.
  3063 | D:3      | Found a shimmering altar of Xom.
  3064 | D:3      | Noticed a steam dragon
  3081 | D:3      | Killed from afar by a steam dragon

Illustrated notes

Levels and vault maps discovered:
D:1:      lightli_arrival_statue_moat, layout_basic,
          hellmonk_ecumenical_altar_lost_god
D:2:      layout_basic, hangedman_decor_growths,
          minmay_fractal_squares_gapless_5, uniq_robin
D:3:      layout_loops_cross, lemuel_doored_altar, amcnicky_altar_gilded,
          xom_butterflies
D:4:      layout_cave_pools, fedhas_altar_2, lemuel_coloured_pillars_altar,
          minmay_temple_entry_butterflies, serial_shops, nicolae_stop_n_shop_2,
          minmay_cupped

Skill      XL: |  1  2  3  4 |
---------------+-------------+-----
Dodging        | 3 4 |  4.3
Polearms       | 5 6 7 |  7.1
Fighting       | |  3.2
Armour         | |  1.3

Action                   |  1- 3 |  4- 6 || total
-------------------------+-------+-------++-------
Melee: Spear             |   129 |   113 ||   242
Invok: Berserk           |       |     1 ||     1
 Stab: Sleeping          |     4 |     8 ||    12
Armor: Animal skin       |     9 |    16 ||    25
Dodge: Dodged            |    41 |    72 ||   113

Table legend: (Time is in decaauts)
 A = Elapsed time spent in this place.
 B = Non-inter-level travel time spent in this place.
 C = Inter-level travel time spent in this place.
 D = Time resting spent in this place.
 E = Time spent auto-exploring this place.
 F = Levels seen in this place.
 G = Mean time per level.
                   A        B        C        D        E       F      G
               +--------+--------+--------+--------+--------+-----+--------+
         Total |   3028 |   2951 |     77 |    108 |   2421 |   4 |  757.0 |
       Dungeon |   3028 |   2951 |     77 |    108 |   2421 |   4 |  757.0 |
               +--------+--------+--------+--------+--------+-----+--------+

Top non-repeatable levels by time:
     D:2: 1363 daAuts
     D:1: 1348 daAuts
     D:3: 300 daAuts
     D:4: 16 daAuts
